 Dungeon Crawl Stone Soup version 0.24.0 (webtiles) character file.

Game seed: 6077945083371416021, levelgen mode: deterministic

373 Buxparty the Poker (level 6, -1/44 HPs)
             Began as a Mummy Gladiator on Jan 27, 2020.
             Killed by divine providence
             ... invoked by an orc priest
              (8 damage)
             ... on level 4 of the Dungeon.
             The game lasted 00:11:10 (4061 turns).

Buxparty the Poker (Mummy Gladiator)                Turns: 4061, Time: 00:11:11

Health: -1/44      AC:  5    Str: 19    XL:     6   Next: 43%
Magic:  6/6        EV: 13    Int:  7    God:
Gold:   192        SH:  0    Dex: 14    Spells: 5/5 levels left

rFire    x . .     SeeInvis .   a - +1 trident
rCold    + . .     Gourm    .   (no shield)
rNeg     + + +     Faith    .   b - +0 leather armour
rPois    ∞         Spirit   .   c - +0 helmet
rElec    .         Reflect  .   (no cloak)
rCorr    .         Harm     .   (no gloves)
MR       .....                  k - +0 pair of boots
Stlth    +.........             (no amulet)
HPRegen  0.14/turn              o - ring of poison resistance
MPRegen  0.10/turn              (no ring)

@: no status effects
A: no food or potions, fire vulnerability, cold resistance 1, negative energy
resistance 3, torment resistance, unbreathing
a: no special abilities


You were on level 4 of the Dungeon.
You were not hungry.

You visited 1 branch of the dungeon, and saw 4 of its levels.
You also visited: Sewer.

You collected 192 gold pieces.

Inventory:

Hand Weapons
 a - a +1 trident (weapon)
Missiles
 d - 3 throwing nets (quivered)
 p - 10 poisoned darts
Armour
 b - a +0 leather armour (worn)
 c - a +0 helmet (worn)
 k - a +0 pair of boots (worn)
Jewellery
 o - a ring of poison resistance (left hand)
Scrolls
 e - 2 scrolls of blinking
 f - 3 scrolls of teleportation {unknown}
 g - 3 scrolls of identify
 h - 2 scrolls of fear
 i - 3 scrolls of amnesia
 j - a scroll of remove curse
 m - a scroll of fog


   Skills:
 - Level 2.0 Fighting
 * Level 4.8 Polearms
 - Level 1.5 Throwing
 + Level 2.2 Armour
 + Level 3.4 Dodging
 - Level 0.2 Stealth


You had 5 spell levels left.
You didn't know any spells.
Your spell library was empty.

Dungeon Overview and Level Annotations

Branches:
Dungeon (4/15)              Sewer (visited)
 Temple: D:4-7

Altars:
Dithmenos
Elyvilon
Okawaru
Ru
Uskayaw


Innate Abilities, Weirdness & Mutations

You do not eat or drink.
Your flesh is vulnerable to fire.
You are immune to poison.
Your flesh is cold resistant. (rC+)
You are immune to negative energy. (rN+++)
You are immune to unholy pain and torment.
You can survive without breathing.


Message History

The orc wizard is moderately wounded.
You hit the orc wizard.
The orc wizard is heavily wounded.
The orc wizard closely misses you.
The orc wizard casts a spell.
The orc wizard blinks!
The orc wizard points at you and mumbles some strange words.
The magic dart hits you.
The orc priest looks encouraged for a moment.
The orc wizard mumbles some strange words.
The orc wizard seems to speed up.
The orc priest calls down the wrath of Beogh upon you.
Beogh smites you!
* * * LOW HITPOINT WARNING * * *
The orc wizard casts a spell at you. The magic dart hits you.
* * * LOW HITPOINT WARNING * * *
The orc priest mumbles some strange prayers to Beogh against you.
Beogh smites you!
You die...

#..# #.##.# #..###
#o##.# #..#.. ##.##.#
#..#.# # #...#.# #..#.#
#. #...#.# ...#.#
#.###..o#.## .....#
#[.........# ...#.#
#..........####
#.##.######.....@.......
<...!.......##..>#######
.....#########...#
.###.# #...# ## #.#
###.# # #.# #.# ####.#
#.# .....# #.#
################.#


You could see an orc priest and an orc wizard.

Vanquished Creatures
  2 howler monkeys (D:4)
  Jessica (D:3)
  2 worker ants (D:4)
  3 gnolls (D:2)
  5 adders
  An ooze (D:2)
  5 worms
  4 dart slugs
  5 leopard geckos
  11 orcs
  5 giant cockroaches
  8 goblins
  6 hobgoblins
  11 jackals
  4 kobolds
  4 ball pythons
  16 bats
  10 frilled lizards
  A quokka skeleton (D:4)
  11 rats
115 creatures vanquished.

Notes
Turn   | Place    | Note
-------+----------+-------------------------------------------
     0 | D:1      | Buxparty the Mummy Gladiator began the quest for the Orb.
     0 | D:1      | Reached XP level 1. HP: 16/16 MP: 1/1
   179 | D:1      | Reached XP level 2. HP: 19/22 MP: 2/2
   233 | D:1      | Reached skill level 3 in Polearms
   562 | D:1      | Reached XP level 3. HP: 26/27 MP: 3/3
   962 | D:2      | Found a shadowy altar of Dithmenos.
   963 | D:2      | Found a sacrificial altar of Ru.
   965 | D:2      | Found a hide-covered altar of Uskayaw.
  1091 | D:2      | Reached XP level 4. HP: 19/33 MP: 4/4
  1244 | D:2      | Reached skill level 1 in Armour
  1313 | D:2      | Found an iron altar of Okawaru.
  1899 | D:3      | Found a glowing drain.
  1916 | Sewer    | Entered a sewer
  1921 | Sewer    | Reached skill level 4 in Polearms
  2238 | Sewer    | Reached XP level 5. HP: 35/38 MP: 5/5
  2916 | D:3      | Noticed Jessica
  2929 | D:3      | Killed Jessica
  2987 | D:3      | Found a white marble altar of Elyvilon.
  3184 | D:3      | Noticed an ogre
  3583 | D:4      | Reached XP level 6. HP: 44/44 MP: 6/6
  4061 | D:4      | Killed from afar by an orc priest

Levels and vault maps discovered:
D:1:      psy_arrival_statuary, layout_basic, due_unseen_surprise
D:2:      layout_basic, grunt_temple_overflow_open, okawaru_ov_weapons_minmay
D:3:      layout_loops_ring, kennysheep_ying_yang, tgw_sif,
          cheibrodos_sewer_entry_drain, gammafunk_ghost_nasty_kobolds,
          uniq_jessica
D:4:      layout_loops_ring, first_ration, st_stairs_14,
          corexii_leaking_fountain, kennysheep_generic_room_9
